 Dungeon Crawl Stone Soup version 0.28.0-1-gb440e238dd (webtiles) character file.

Game seed: 14942592378924849801

1059 Peach228 the Magician (level 8, -3/57 HPs)
             Began as a Djinni Fire Elementalist on Feb 19, 2022.
             Was an Initiate of Cheibriados.
             Slain by an ice beast (12 damage)
             ... on level 5 of the Dungeon.
             The game lasted 00:12:02 (5784 turns).

Peach228 the Magician (Djinni Fire Elementalist)    Turns: 5784, Time: 00:12:02

Health: -3/57      AC:  2    Str:  8    XL:     8   Next: 51%
Gold:   232        EV: 13    Int: 20    God:    Cheibriados [......] SH:  0 Dex: 21

rFire   + + +      SeeInvis .   s - +4 hand axe
rCold   x x .      Faith    .   (no shield)
rNeg    . . .      Spirit   .   a - +0 robe
rPois   ∞          Reflect  .   (no helmet)
rElec   .          Harm     .   (no cloak)
rCorr   .          Rampage  .   (no gloves)
Will    .....                   (boots unavailable)
Stlth   ++........              f - amulet of the acrobat
HPRegen 0.19/turn               i - ring of fire
MPRegen 0.00/turn               o - +6 ring of dexterity

@: flying, very slow
A: sickness immunity, fire resistance 2, cold vulnerability 1, float, innate
caster, HP casting, extra vitality 1
a: Renounce Religion


You were on level 5 of the Dungeon.
You worshipped Cheibriados.
Cheibriados was noncommittal.
You visited 2 branches of the dungeon, and saw 6 of its levels.

You collected 232 gold pieces.

Inventory:

Hand Weapons
 d - a +0 rapier
 s - a +4 hand axe (weapon)
Missiles
 q - a throwing net
Armour
 a - a +0 robe (worn)
Jewellery
 f - an amulet of the acrobat (around neck)
 i - a ring of fire (left hand)
 o - a +6 ring of dexterity (right hand)
Scrolls
 b - a scroll of blinking
 c - 2 scrolls of fog
 h - a scroll of torment
 t - a scroll of vulnerability {unknown}
Potions
 e - a potion of berserk rage {unknown}
 g - a potion of mutation
 j - a potion of haste
 k - 2 potions of attraction {unknown}
 l - a potion of curing {unknown}
 m - a potion of might {unknown}
 n - 2 potions of lignification {unknown}
 p - a potion of resistance {unknown}
 r - a potion of magic {unknown}
 u - a potion of heal wounds {unknown}


   Skills:
 * Level 3.6 Fighting
 + Level 2.6 Dodging
 - Level 1.7 Stealth
 + Level 6.9 Spellcasting


You had 2 spell levels left.
You knew the following spells:

 Your Spells              Type           Power      Damage    Failure   Level
a - Foxfire               Conj/Fire      100%       2x1d9     1%          1
b - Scorch                Fire           100%       2d10      1%          2
c - Conjure Flame         Conj/Fire      51%        6-21      1%          3
d - Inner Flame           Hex/Fire       51%        N/A       1%          3
e - Flame Wave            Conj/Fire      51%        2d10      5%          4
f - Freeze                Ice            100%       1d11      1%          1
g - Corpse Rot            Necr/Air       68%        N/A       1%          2
h - Ensorcelled Hibernat  Hex/Ice        68%        N/A       1%          2
Your spell library was empty.

Dungeon Overview and Level Annotations

Branches:
Dungeon (5/15)             Temple (1/1) D:4

Altars:
Ashenzari
Cheibriados
Dithmenos
Elyvilon
Fedhas
Gozag
Hepliaklqana
Kikubaaqudgha
Makhleb
Nemelex Xobeh
Okawaru
Qazlal
Ru
Sif Muna
Uskayaw
Wu Jian
Xom
Yredelemnul
Zin
The Shining One


Innate Abilities, Weirdness & Mutations

You are immune to sickness and miasma.
You are immune to poison.
Your flesh is very heat resistant. (rF++)
You are vulnerable to cold. (rC-)
You float through the air rather than walking.
You learn spells naturally, not from books.
Your magical power is your life essence.
You have superior vitality. (+4 MHP)


Message History

Confirm with . or Enter, or press ? or * to list all spells.
You feel a surge of power!
Flames lash the jelly.
The jelly is burned terribly!
You kill the jelly!
Cheibriados thoroughly appreciates the change of pace.
An ogre comes into view. It is wielding a +0 giant spiked club.
A white imp comes into view.
There is a stone staircase leading up here.
The white imp gestures at you. The puff of frost misses you.
An ice beast comes into view.
Casting: Scorch (safe; 1% risk of failure)
Confirm with . or Enter, or press ? or * to list all spells.
You feel a surge of power!
Flames lash the ogre.
The ogre is heavily wounded.
The ogre's fire resistance burns away.
The white imp shouts, "Leave, thou infectious rude-growing gnoll-tail!"
Casting: Scorch (safe; 1% risk of failure)
Confirm with . or Enter, or press ? or * to list all spells.
You feel a surge of power!
Flames lash the ogre.
The ogre is burned terribly!
You kill the ogre!
Cheibriados thoroughly appreciates the change of pace.
The white imp spits at you.
Casting: Scorch (safe; 1% risk of failure)
Confirm with . or Enter, or press ? or * to list all spells.
You feel a surge of power!
Flames lash the ice beast.
The ice beast melts!
The ice beast is moderately wounded.
The ice beast's fire resistance burns away.
Casting: Scorch (safe; 1% risk of failure)
Confirm with . or Enter, or press ? or * to list all spells.
You feel a surge of power!
Flames lash the white imp.
The white imp is burned terribly!
The white imp is heavily wounded.
The white imp's fire resistance burns away.
The white imp gestures at you. The puff of frost hits you!
You feel a terrible chill!
* * * LOW HITPOINT WARNING * * *
The ice beast hits you.
* * * LOW HITPOINT WARNING * * *
The ice beast freezes you!
You feel a terrible chill!
You die...

## ####
##.##...##.
##..........
##.........(
###.........##.
#..............
........).....#
.......@).....#
.......Y5.....#
#........)....#
#...........###
##..........#
...#..........
...#...........
.# ###.........
..........


You could see an ice beast (combustible) and a white imp (combustible).

Vanquished Creatures
  Eustachio (D:4)
  The ghost of Tzialkovskiy the Skirmisher, an amateur MiFi (D:3)
  3 ogres
  A scorpion (D:4)
  4 wights (D:4)
  An orc priest (D:3)
  A hound (D:5)
  A jelly (D:5)
  Jessica (D:2)
  An iguana (D:4)
  2 orc wizards
  6 adders
  An ufetubus (D:4)
  5 worms
  A dart slug (D:3)
  8 orcs
  5 ball pythons
  6 bats
  10 endoplasms
  4 giant cockroaches
  5 goblins
  4 hobgoblins
  5 jackals
  7 quokkas
  2 frilled lizards
  6 kobolds
  7 rats
99 creatures vanquished.

Vanquished Creatures (others)
  42 foxfires
42 creatures vanquished.

Grand Total: 141 creatures vanquished

Notes
Turn   | Place    | Note
-------+----------+-------------------------------------------
     0 | D:1      | Peach228 the Djinni Fire Elementalist began the quest for
                  | the Orb.
     0 | D:1      | Reached XP level 1. HP: 15/15 MP: 0/0
   144 | D:1      | Reached XP level 2. HP: 7/21 MP: 0/0
   844 | D:1      | Reached skill level 3 in Spellcasting
  1098 | D:1      | Found a faded altar of an unknown god.
  1115 | D:1      | Reached XP level 3. HP: 20/25 MP: 0/0
  1115 | D:1      | Learned a level 1 spell: Freeze
  1995 | D:2      | Reached skill level 1 in Fighting
  2269 | D:2      | Reached XP level 4. HP: 28/32 MP: 0/0
  2635 | D:2      | Noticed Jessica
  2641 | D:2      | Killed Jessica
  2814 | D:2      | Reached XP level 5. HP: 33/37 MP: 0/0
  2814 | D:2      | Learned a level 2 spell: Corpse Rot
  3094 | D:3      | Reached skill level 4 in Spellcasting
  3145 | D:3      | Noticed an ogre
  3366 | D:3      | Killed an ogre
  3367 | D:3      | Reached XP level 6. HP: 39/43 MP: 0/0
  3730 | D:3      | Found a runed translucent door.
  3731 | D:3      | Noticed Tzialkovskiy's ghost (amateur MiFi)
  3744 | D:3      | Killed Tzialkovskiy's ghost
  3745 | D:3      | Reached skill level 5 in Spellcasting
  3745 | D:3      | Reached XP level 7. HP: 16/49 MP: 0/0
  3745 | D:3      | Learned a level 2 spell: Ensorcelled Hibernation
  4647 | D:4      | Reached skill level 6 in Spellcasting
  4764 | D:4      | Reached XP level 8. HP: 49/56 MP: 0/0
  4945 | D:4      | Noticed Eustachio
  4989 | D:4      | Killed Eustachio
  5367 | D:4      | Found a staircase to the Ecumenical Temple.
  5373 | Temple   | Entered the Ecumenical Temple
  5720 | Temple   | Became a worshipper of Cheibriados the Contemplative
  5767 | D:5      | Entered Level 5 of the Dungeon
  5784 | D:5      | Slain by an ice beast

Illustrated notes

Levels and vault maps discovered:
D:1:      dpeg_arrival_three_same_balls, layout_loops_ring,
          hellmonk_ecumenical_altar_run_dry, minivault_23
D:2:      cheibrodos_old_hovel, layout_basic, moated_statue,
          kennysheep_jessica_study
D:3:      layout_rooms, gammafunk_ghost_grave
D:4:      minmay_angry_zag, layout_loops_ring,
          minmay_temple_entry_enclosed_plants, uniq_eustachio
D:5:      layout_cave_pools, uniq_edmund
Temple:   mainiacjoe_temple_trianglar_array

Skill      XL: |  1  2  3  4  5  6  7 |
---------------+----------------------+-----
Spellcasting   | 3 4 5 6 |  6.9
Fighting       | 1 2 3 |  3.6
Dodging        | |  2.6
Stealth        | |  1.7

Action                   |  1- 3 |  4- 6 |  7- 9 || total
-------------------------+-------+-------+-------++-------
Melee: Rapier            |     4 |       |       ||     4
       Mace              |     1 |     1 |       ||     2
 Cast: Foxfire           |    22 |     8 |     4 ||    34
       Scorch            |    36 |    48 |    46 ||   130
       Corpse Rot        |       |     1 |       ||     1
       Inner Flame       |       |       |     1 ||     1
       Ensorcelled Hiber |       |       |     3 ||     3
       Conjure Flame     |       |       |     2 ||     2
  Use: Scroll            |       |     5 |     1 ||     6
Armor: Robe              |     7 |     3 |     1 ||    11
Dodge: Dodged            |    24 |     9 |    16 ||    49
